AoeStats
← wertyu739

Lombardia

508779979Analyzed
2v2 RM · 9d ago on Sep 24, 2026· 57m 31s· 4 players
Game mode
Random Map
Map size
Medium (4 player)
Population
200
Speed
Normal
Resources
Standard
Victory
Conquest
Starting age
Dark Age
Ending age
Imperial Age
RankedLock teamsTeams togetherTeam positionsShared explorationLock speedFull tech treeHidden civsTurbo modeCheats
Victory
Defeat
🇨🇦 Britons · Canada
962
+18
🇨🇦 Franks · Canada
962
+18
🇺🇸 Magyars · United States
1010
-51
🇺🇸 Inca · United States
1009
-18
Pine
10:05 Feudal Age
10:21 Champi Runner
20:13 Castle Age
22:17 Double-Bit Axe
22:29 Gold Mining
23:51 Scale Mail Armor
23:42 Fletching
23:50 Town Watch
24:03 Crossbowman
29:55 Bodkin Arrow
30:15 Chain Mail Armor
36:16 Forging
37:50 Iron Casting
42:27 Imperial Age
43:36 Fabric Shields
44:17 Bracer
44:49 Plate Mail Armor
44:50 Arson
45:06 Squires
47:24 Elite Skirmisher
49:29 Padded Archer Armor
52:22 Thumb Ring
56:12 Arbalester
Grampa Beezos
6:59 Loom
10:01 Feudal Age
10:55 Double-Bit Axe
10:57 Horse Collar
17:33 Wheelbarrow
21:30 Castle Age
21:27 Stone Mining
21:29 Gold Mining
22:21 Bow Saw
22:42 Bloodlines
22:35 Husbandry
24:02 Scale Barding Armor
37:01 Gold Shaft Mining
36:48 Chain Barding Armor
36:30 Padded Archer Armor
36:22 Fletching
38:51 Ballistics
38:47 Thumb Ring
44:34 Imperial Age
44:34 Corvinian Army
45:00 Bodkin Arrow
45:20 Leather Archer Armor
45:53 Recurve Bow
45:20 Elite Magyar Huszar
46:55 Recurve Bow
47:32 Hoardings
47:25 Parthian Tactics
47:32 Bracer
48:02 Ring Archer Armor
48:33 Heavy Cavalry Archer
51:19 Conscription
51:51 Hand Cart
51:18 Onager
wertyu739
10:53 Feudal Age
15:26 Castle Age
19:05 Double-Bit Axe
24:57 Horse Collar
30:46 Wheelbarrow
29:50 Man-at-Arms
32:27 Heavy Plow
33:24 Crossbowman
33:28 Long Swordsman
36:38 Gold Mining
37:31 Ballistics
42:05 Fletching
45:39 Imperial Age
47:09 Imperial Age
45:18 Yeomen
46:27 Bodkin Arrow
47:13 Elite Longbowman
48:05 Bracer
48:07 Padded Archer Armor
50:46 Warwolf
54:42 Bow Saw
Alyosha Fyodorovich
2:03 Loom
11:26 Feudal Age
15:43 Castle Age
14:31 Double-Bit Axe
22:04 Wheelbarrow
22:40 Town Watch
25:56 Scale Barding Armor
27:47 Forging
29:54 Gold Mining
30:21 Husbandry
30:42 Chain Barding Armor
29:59 Pikeman
31:12 Hand Cart
32:03 Town Patrol
33:45 Iron Casting
40:43 Imperial Age
38:29 Padded Archer Armor
39:58 Fletching
40:39 Scale Mail Armor
40:56 Leather Archer Armor
40:39 Bodkin Arrow
40:47 Cavalier
42:17 Plate Barding Armor
41:46 Halberdier
43:33 Paladin
45:54 Blast Furnace
50:19 Chemistry
49:51 Chain Mail Armor
51:34 Plate Mail Armor
51:21 Gambesons
51:40 Squires
53:32 Bodkin Arrow
53:54 Leather Archer Armor
53:56 Siege Engineers
54:42 Elite Throwing Axeman
Connection lost

Rejoining the realm…

Still unreachable

The connection could not be restored.

Session expired

The server has moved on; the page needs a fresh start.